Map: Triton LE

Players

Obsirver

  • Race: Protoss Protoss
  • League: Master
  • Spawn Location: 5:00

Toperoco - Winner!

  • Race: Terran Terran
  • League: Master
  • Spawn Location: 11:00

VOD

Have the link to the VOD?

Description

Time

  • Played on: Feb. 1, 2020, 2:57 p.m.
  • Length: 12:34
Show
View Real Time Build Order
Export as new Build Order

Obsirver Protoss 

Build Orders:  

Get SALT Encoding   

  12  0:00  Probe  
  13  0:13  Probe  
  14  0:18  Pylon  
  14  0:25  Probe (Chrono Boost)  
  15  0:37  Probe (Chrono Boost)  
  15  0:39  Pylon  
  16  0:46  Probe (Chrono Boost)  
  17  0:51  Probe  
  18  0:58  Gateway  
  18  1:03  Probe  
  19  1:05  Assimilator  
  19  1:15  Probe  
  20  1:27  Probe  
  21  1:39  Probe  
  22  1:44  Zealot (Chrono Boost)  
  22  1:45  Cybernetics Core  
  24  1:57  Nexus  
  24  2:04  Probe  
  24  2:07  Assimilator  
  25  2:16  Probe  
  26  2:28  Probe  
  27  2:30  Stalker (Chrono Boost)  
  27  2:37  Warp Gate  
  27  2:40  Probe  
  28  2:45  Twilight Council  
  28  2:48  Gateway  
  28  2:52  Probe  
  28  2:54  Pylon  
  29  3:05  Probe (Chrono Boost)  
  30  3:10  Probe (Chrono Boost)  
  29  3:17  Probe (Chrono Boost), Stalker  
  33  3:20  Probe (Chrono Boost)  
  33  3:22  Probe (Chrono Boost)  
  33  3:25  Charge (Chrono Boost), Probe (Chrono Boost)  
  35  3:31  Probe, Robotics Facility  
  36  3:37  Probe  
  37  3:48  Probe  
  38  3:58  Pylon  
  38  4:01  Pylon  
  38  4:06  Gateway  
  38  4:16  Gateway  
  38  4:20  Gateway  
  38  4:22  Gateway  
  38  4:24  Gateway  
  38  4:32  Gateway  
  38  4:34  Gateway, Warp Prism (Chrono Boost)  
  40  4:47  Pylon  
  40  4:51  Pylon  
  40  4:53  Zealot x2, Pylon  
  44  5:00  Blink (Chrono Boost)  
  44  5:02  Warp Prism  
  44  5:03  Zealot  
  48  5:11  Zealot  
  50  5:20  Zealot x4  
  56  5:38  Warp Prism  
  50  5:47  Stalker x2  
  50  6:03  Probe (Chrono Boost)  
  52  6:11  Probe (Chrono Boost)  
  52  6:14  Probe (Chrono Boost)  
  53  6:21  Zealot  
  53  6:22  Zealot  
  59  6:25  Probe x2 (Chrono Boost)  
  59  6:36  Probe x2 (Chrono Boost)  
  61  6:40  Probe x2 (Chrono Boost)  
  39  7:07  Probe  
  39  7:08  Probe  
  37  7:20  Probe x2  
  39  7:26  Pylon  
  38  7:30  Immortal  
  38  7:32  Zealot x7  
  38  7:33  Zealot x2  
  60  7:39  Robotics Bay  
  60  8:05  Nexus  
  60  8:09  Stalker  
  60  8:10  Stalker x4  
  70  8:19  Probe x2  
  72  8:22  Assimilator  
  72  8:25  Assimilator  
  72  8:29  Pylon  
  72  8:31  Probe x2  
  64  8:34  Zealot x3  
  56  8:45  Zealot  
  56  8:46  Zealot x2  
  54  8:52  Zealot x2  
  49  8:59  Stalker  
  49  9:00  Stalker  
  53  9:22  Probe x2  
  53  9:23  Probe  
  56  9:35  Probe x3 (Chrono Boost)  
  59  9:38  Colossus (Chrono Boost)  
  59  9:44  Probe x3 (Chrono Boost)  
  68  9:52  Stalker x3  
  74  9:53  Stalker  
  76  10:00  Zealot x2  
  80  10:15  Robotics Bay  
  80  10:19  Probe x3  
  83  10:24  Assimilator  
  83  10:26  Assimilator  
  83  10:30  Warp Prism (Chrono Boost)  
  83  10:31  Probe x2  
  83  10:32  Probe  
  88  10:43  Probe x2  
  88  10:44  Probe  
  88  10:46  Templar Archives  
  91  10:55  Probe  
  92  11:04  Zealot x6  
  92  11:05  Zealot x2  
  92  11:10  Colossus (Chrono Boost)  
  80  11:32  Zealot x4  
  68  11:33  Zealot x4  
  82  12:01  Stalker x7  
  102  12:09  Zealot  
  102  12:29  Zealot x8  
Show
View Real Time Build Order
Export as new Build Order

Toperoco Terran - Winner!

Build Orders:  

Get SALT Encoding   

  12  0:01  SCV  
  13  0:13  SCV  
  14  0:17  Supply Depot  
  14  0:25  SCV  
  15  0:31  Refinery  
  15  0:39  SCV  
  16  0:45  Barracks  
  16  0:51  SCV  
  17  1:03  SCV  
  18  1:15  SCV  
  19  1:32  Reaper, Orbital Command  
  20  1:43  Command Center  
  20  1:52  Factory  
  20  1:58  SCV  
  21  2:02  Refinery  
  21  2:09  Barracks Reactor  
  21  2:13  Supply Depot, SCV  
  22  2:28  SCV  
  25  2:37  Widow Mine  
  25  2:41  SCV  
  26  2:44  Supply Depot  
  26  2:48  Marine x2  
  28  2:53  Starport, SCV  
  29  2:59  Widow Mine  
  29  3:05  SCV  
  33  3:16  Orbital Command  
  33  3:17  SCV  
  33  3:29  SCV  
  33  3:31  Medivac  
  33  3:33  Widow Mine  
  38  3:41  SCV  
  38  3:42  Marine x2  
  38  3:44  SCV  
  42  3:52  Barracks  
  42  3:53  SCV  
  43  3:56  Factory Tech Lab, SCV  
  44  4:07  Barracks  
  44  4:09  SCV x2  
  46  4:17  Supply Depot  
  46  4:19  Starport Reactor  
  46  4:21  SCV  
  47  4:24  SCV  
  47  4:27  Factory Tech Lab  
  48  4:33  SCV  
  48  4:36  SCV  
  49  4:39  Supply Depot, Marine x2  
  49  4:45  SCV  
  52  4:50  Supply Depot  
  52  4:51  Cyclone  
  55  4:53  Stimpack, SCV  
  55  4:56  Marauder  
  55  4:57  Marine x2  
  60  5:05  SCV  
  60  5:06  SCV  
  62  5:09  Supply Depot  
  62  5:10  Engineering Bay, Marine  
  62  5:11  Marine  
  62  5:12  Medivac  
  66  5:15  Supply Depot  
  66  5:19  SCV x2  
  68  5:23  Refinery, Cyclone  
  71  5:31  Supply Depot  
  71  5:43  SCV x2  
  71  5:45  Marine x4  
  71  5:46  Marauder  
  73  5:53  Bunker  
  73  5:55  Supply Depot, SCV x2  
  73  5:56  Bunker  
  73  6:03  Marine x2  
  73  6:06  Missile Turret  
  73  6:07  SCV  
  73  6:08  Marauder, SCV  
  77  6:16  Widow Mine, Medivac  
  81  6:23  Supply Depot  
  81  6:24  Marine x4  
  85  6:28  Missile Turret  
  85  6:29  Marauder  
  87  6:32  Combat Shield  
  87  6:37  Widow Mine  
  87  6:38  Refinery  
  89  6:46  Supply Depot, Marine x2, Medivac  
  92  6:47  Marine x2  
  92  6:50  Marauder  
  94  7:03  SCV x2  
  96  7:12  Marauder  
  96  7:15  SCV  
  99  7:20  Missile Turret  
  99  7:23  Command Center  
  99  7:24  Terran Infantry Weapons Level 1  
  99  7:32  Marine x3  
  99  7:33  Marauder  
  99  7:35  Siege Tank  
  107  7:40  Missile Turret  
  106  8:06  Marine x4  
  106  8:07  Marauder, Siege Tank  
  106  8:09  SCV x2  
  117  8:13  Engineering Bay, Barracks x2  
  117  8:14  Starport Reactor  
  117  8:15  Armory  
  117  8:18  Supply Depot  
  117  8:19  Supply Depot  
  117  8:21  SCV x2  
  117  8:22  Concussive Shells  
  117  8:23  Marine  
  117  8:24  Marine x3  
  123  8:27  Missile Turret  
  123  8:28  Marauder  
  106  8:46  Marine x3  
  106  8:47  Marine  
  106  8:48  Siege Tank  
  106  8:50  Marauder  
  105  8:59  Medivac  
  105  9:00  Medivac  
  109  9:04  Marine x3  
  109  9:05  Marine  
  112  9:11  Marauder  
  103  9:17  Barracks Tech Lab  
  103  9:20  Siege Tank  
  103  9:21  SCV x2  
  103  9:22  Marine x2, Barracks Tech Lab  
  103  9:23  Terran Infantry Weapons Level 2  
  107  9:24  Terran Infantry Armor Level 1  
  107  9:25  Ghost Academy  
  107  9:26  Barracks  
  107  9:29  Medivac  
  109  9:32  Marauder  
  111  9:43  SCV x2  
  113  9:54  Marauder  
  113  9:55  SCV x2  
  113  9:58  Refinery x2  
  107  10:07  SCV x2  
  107  10:08  Orbital Command  
  109  10:15  Marauder, Marine  
  109  10:16  Marauder x2, Marine x3  
  109  10:20  Siege Tank  
  122  10:23  Viking  
  122  10:25  Viking  
  122  10:26  Barracks Tech Lab  
  126  10:29  Personal Cloaking  
  126  10:36  SCV x3  
  126  10:37  Marauder  
  126  10:38  Marauder x2  
  126  10:42  Command Center  
  135  10:46  Marine x3  
  135  10:47  Marauder  
  140  10:58  Marauder, Viking  
  140  10:59  Viking  
  140  11:00  Siege Tank  
  140  11:01  Ghost x2  
  140  11:02  Marine  
  154  11:07  Ghost  
  142  11:30  Marine x3  
  142  11:31  Marauder x3  
  150  11:33  Viking  
  150  11:36  Supply Depot x2, Ghost  
  150  11:38  Supply Depot  
  154  11:45  Command Center  
  154  11:49  Starport  
  154  11:51  Missile Turret, Ghost  
  154  11:52  Marauder  
Tags
 
Matchup
PvT
Spawn Locations
Cross Positions
Add a new tag
Caveats
  • Supply blocks, unpowered buildings, or Contaminate may cause inaccurate times.
  • Supply counts are checked every 10 seconds.